 Dungeon Crawl Stone Soup version 0.20.0-8-g6b59dc7 (webtiles) character file.

74 Glitchraptor the Skirmisher (level 4, -2/40 HPs)
             Began as a Draconian Abyssal Knight on June 2, 2017.
             Was a Believer of Lugonu.
             Slain by an orc
             ... wielding a +0 mace
              (6 damage)
             ... on level 3 of the Dungeon.
             The game lasted 00:05:49 (2149 turns).

Glitchraptor the Skirmisher (DrAK)                  Turns: 2149, Time: 00:05:49

Health: -2/40      AC:  5    Str: 14    XL:     4   Next: 9%
Magic:  5/5        EV: 12    Int: 12    God:    Lugonu [**....]
Gold:   124        SH:  3    Dex: 12    Spells: 3/3 levels left

rFire    . . .     SeeInvis .   g - +0 whip (drain)
rCold    . . .     Gourm    .   d - +0 buckler
rNeg     . . .     Faith    .   (armour unavailable)
rPois    .         Spirit   .   (helmet restricted)
rElec    .         Reflect  .   (no cloak)
rCorr    .         Harm     .   (no gloves)
MR       .....                  (no boots)
Stlth    +.........             e - amulet of regeneration
Regen    0.6/turn               (no ring)
MPRegen  0.1/turn               (no ring)

@: no status effects
A: unfitting armour, cold-blooded, AC +5
a: Depart the Abyss, Bend Space, Renounce Religion


You were on level 3 of the Dungeon.
You worshipped Lugonu.
Lugonu was pleased with you.
You were not hungry.

You visited 1 branch of the dungeon, and saw 3 of its levels.
You visited the Abyss 1 time.

You collected 124 gold pieces.

Inventory:

Hand Weapons
 a - a +1 falchion
 g - a +0 whip of draining (weapon)
Armour
 d - a +0 buckler (worn)
Jewellery
 e - an amulet of regeneration (around neck)
Scrolls
 h - a scroll of identify
 j - a scroll of fear
Potions
 c - 2 potions of curing
Comestibles
 b - a bread ration
 i - 2 royal jellies


   Skills:
 + Level 4.1 Fighting
 + Level 2.6 Long Blades
 + Level 0.6 Maces & Flails
 + Level 2.9 Dodging
 + Level 0.8 Shields
 + Level 2.0 Invocations


You had 3 spell levels left.
You didn't know any spells.

Dungeon Overview and Level Annotations

Branches:
Dungeon (3/15)

Altars:
Gozag
Uskayaw


Innate Abilities, Weirdness & Mutations

Your plain brown scales are hard. (AC +5)
You cannot fit into any form of body armour.
You are cold-blooded and may be slowed by cold attacks.


Message History

The orc is moderately wounded.
The orc hits you with a club.
The orc priest calls down the wrath of Beogh upon you.
Pain shoots through your body! The orc misses you.
You barely miss the orc priest. The orc misses you. The orc barely misses you.
The orc misses you.
You hit the orc priest. You drain the orc priest!
The orc priest is heavily wounded.
The orc priest invokes the aid of Beogh against you.
Beogh smites you! The orc closely misses you. The orc hits you with a club.
The orc hits you with a dagger. The orc hits you but does no damage.
You hit the orc priest but do no damage.
The orc priest is heavily wounded.
The orc priest calls down the wrath of Beogh upon you.
Beogh smites you!
* * * LOW HITPOINT WARNING * * *
The orc hits you with a club.
* * * LOW HITPOINT WARNING * * *
The orc hits you with a mace.
You die...

... ########..#
##.........#
##..........#
#$..........#
#⌠..........#
#.....ooo...#
#....o@o...#
##.........#
..#########..#
#............#
#................#
..#####.#####.....
#.# .....# #.#
.....# #.# ...##


You could see an orc priest and 4 orcs.

Vanquished Creatures
  An adder (D:2)
  2 dart slugs
  3 leopard geckos
  6 bats
  2 giant cockroaches (D:2)
  11 goblins
  9 hobgoblins
  6 jackals (D:2)
  A ball python (D:1)
  3 frilled lizards (D:2)
  5 kobolds
  A rat (D:1)
50 creatures vanquished.

Notes
Turn   | Place    | Note
-------+----------+-------------------------------------------
     0 | Abyss:1  | Glitchraptor the Draconian Abyssal Knight began the quest for the Orb.
     0 | Abyss:1  | Reached XP level 1. HP: 19/19 MP: 2/2
    83 | Abyss:2  | Noticed an ancient zyme
   109 | Abyss:3  | Noticed an ogre mage
   109 | Abyss:3  | Noticed a fire bat
   109 | Abyss:3  | Noticed a chaos spawn
   109 | Abyss:3  | Noticed a fire dragon
   109 | Abyss:3  | Noticed a fire bat
   109 | Abyss:3  | Noticed a chaos spawn
   110 | Abyss:3  | Noticed an ice dragon
   111 | D:1      | Escaped the Abyss
   226 | D:1      | Reached * piety under Lugonu
   288 | D:1      | Reached XP level 2. HP: 26/26 MP: 3/3
  1152 | D:1      | Reached XP level 3. HP: 33/33 MP: 4/4
  1285 | D:2      | Reached skill level 4 in Fighting
  1525 | D:2      | Found a hide-covered altar of Uskayaw.
  1802 | D:2      | Reached XP level 4. HP: 40/40 MP: 5/5
  1900 | D:2      | Found an opulent altar of Gozag.
  1925 | D:2      | Reached ** piety under Lugonu
  2149 | D:3      | Slain by an orc

Skill      XL: |  1  2  3 |
---------------+----------+-----
Fighting       | 4 |  4.1
Long Blades    | |  2.6
Maces & Flails | |  0.6
Dodging        | |  2.9
Shields        | |  0.8
Invocations    | |  2.0

Action                   |  1- 3 |  4- 6 || total
-------------------------+-------+-------++-------
Melee: Falchion          |    76 |       ||    76
       Tailslap          |    14 |     1 ||    15
       Whip              |    51 |    24 ||    75
Invok: Depart the Abyss  |     1 |       ||     1
  Use: Scroll            |     8 |       ||     8
       Potion            |     5 |       ||     5
  Eat: Chunk             |     3 |     1 ||     4
Armor: Skin              |    52 |     9 ||    61
Dodge: Dodged            |   105 |    25 ||   130
Block: Buckler           |    23 |     9 ||    32
       Rpst.: Falchion   |    17 |       ||    17
